 Dungeon Crawl Stone Soup version 0.31-a0-259-g771a54ca4b (webtiles) character file.

Game seed: 4043274009197850614

89 qw the Shooter (level 4, -3/36 HPs)
             Began as a Minotaur Hexslinger on July 13, 2023.
             Slain by a gnoll
             ... wielding a +0 halberd
              (7 damage)
             ... on level 2 of the Dungeon.
             The game lasted 00:00:29 (1000 turns).

qw the Shooter (Minotaur Hexslinger)                Turns: 1000, Time: 00:00:29

Health: -3/36      AC:  5    Str: 13    XL:     4   Next: 31%
Magic:  0/4        EV: 11    Int: 10    God:
Gold:   30         SH:  0    Dex: 14    Spells: 4/5 levels left

rFire   . . .        Y - +1 sling
rCold   . . .        (no shield)
rNeg    . . .        f - +0 ring mail
rPois   .            (helmet restricted)
rElec   .            (no cloak)
rCorr   .            (no gloves)
SInv    .            (no boots)
Will    .....        d - amulet of guardian spirit
Stlth   +            (no ring)
HPRegen 0.26/turn    (no ring)
MPRegen 0.09/turn

%: guardian spirit
@: no status effects
A: horns 2, retaliatory headbutt
a: no special abilities


You were on level 2 of the Dungeon.
You visited 1 branch of the dungeon, and saw 2 of its levels.

You collected 30 gold pieces.


Innate Abilities, Weirdness & Mutations

You have a pair of horns on your head.
You reflexively headbutt those who attack you in melee.


   Skills:
 - Level 2.0 Fighting
 + Level 4.6 Ranged Weapons
 - Level 1.3 Armour
 - Level 2.1 Dodging
 - Level 1.0 Spellcasting
 - Level 2.0 Hexes


You had 4 spell levels left.
You knew the following spells:

 Your Spells              Type           Power      Damage    Failure   Level
a - Slow                  Hex            16%        N/A       32%         1

Your spell library contained the following spells:

 Spells                   Type           Power      Damage    Failure   Level
 Inner Flame              Hex/Fire       2%         N/A       82%         3
 Portal Projectile        Hex/Tloc       4%         N/A       82%         3
 Cause Fear               Hex            2%         N/A       97%         4

Inventory:

Hand Weapons
 Y - a +1 sling (weapon)
Armour
 f - a +0 ring mail (worn)
Jewellery
 d - an amulet of guardian spirit (around neck)
Scrolls
 a - a scroll of revelation {unknown}
 b - a scroll of enchant armour {unknown}
Potions
 c - a potion of degeneration {unknown}
 e - a potion of haste {unknown}
 j - a potion of cancellation {unknown}

Dungeon Overview and Level Annotations

Branches:
Dungeon (2/15)

Altars:

Shops:
D:1 [[*(*


Message History

The gnoll barely misses you.
You shoot a sling bullet. The sling bullet hits the gnoll!
You kill the gnoll!
A gnoll comes into view. It is wielding a +0 club.
The gnoll hits you with a +0 flail.
Your Armour skill increases to level 1!
You shoot a sling bullet. The gnoll shouts!
The sling bullet hits the gnoll!
The gnoll is heavily wounded.
The gnoll hits you from afar with a +0 halberd.
The gnoll closely misses you.
You shoot a sling bullet.
The sling bullet hits the gnoll but does no damage.
The gnoll is heavily wounded.
The gnoll hits you from afar with a +0 halberd.
The gnoll barely misses you. The gnoll hits you with a +0 flail.
The gnoll barely misses you.
You shoot a sling bullet. The sling bullet hits the gnoll.
The gnoll is severely wounded.
The gnoll hits you from afar with a +0 halberd!
The gnoll hits you with a +0 flail.
You shoot a sling bullet. The sling bullet hits the gnoll!
You kill the gnoll!
The gnoll closely misses you.
You shoot a sling bullet. The sling bullet hits the gnoll.
The gnoll is moderately wounded.
The gnoll closely misses you.
The gnoll hits you from afar with a +0 halberd.
You shoot a sling bullet. The sling bullet hits the gnoll.
The gnoll is heavily wounded.
The gnoll barely misses you.
You shoot a sling bullet.
The sling bullet hits the gnoll but does no damage.
The gnoll is heavily wounded.
The gnoll hits you from afar with a +0 halberd.
You shoot a sling bullet.
The sling bullet completely misses the gnoll.
The gnoll hits you from afar with a +0 halberd! x2
You die...

### ... ..#######
## #...gg))#
######. #@#
########...... <#
#.###...>....#####
. #.....########
#. #####....## .
#.....##..##
#.##.#######..###
#.#..# ##...# #
###...### ###.#
#### #.......#####
#.# ##...


You could see 2 gnolls.

Vanquished Creatures
  Natasha (D:2)
  3 gnolls
  A dart slug (D:1)
  7 endoplasms
  A giant cockroach (D:1)
  2 goblins (D:1)
  2 hobgoblins
  4 quokkas
  4 ball pythons
  4 bats
  5 frilled lizards
  A rat (D:2)
35 creatures vanquished.

Notes
Turn   | Place    | Note
-------+----------+-------------------------------------------
     0 | D:1      | qw the Minotaur Hexslinger began the quest for the Orb.
     0 | D:1      | Reached XP level 1. HP: 16/16 MP: 1/1
     0 | D:1      | 0 ||| qw: Version: 0.3-a-52-g30416fa
     0 | D:1      | 0 ||| qw: Game counter: 6935
     0 | D:1      | 0 ||| qw: Melee chars always use a shield: true
     0 | D:1      | 0 ||| qw: God list: Okawaru
     0 | D:1      | 0 ||| qw: Allow faded altars: false
     0 | D:1      | 0 ||| qw: Do Orc after clearing Dungeon:15 true
     0 | D:1      | 0 ||| qw: Do second Lair branch before Depths: true
     0 | D:1      | 0 ||| qw: Lair rune preference: random
     0 | D:1      | 0 ||| qw: Goals: Normal
     0 | D:1      | 0 ||| PLANNING D:1-11
    58 | D:1      | Found Azacetah's Assorted Antiques.
    66 | D:1      | 66 ||| SHOPLISTING distressingly furry leather armour (175
                  | gold, have 0).
    66 | D:1      | 66 ||| SHOPLISTING ring mail (100 gold, have 0).
    66 | D:1      | 66 ||| SHOPLISTING scroll labelled GENEGE YGAIFU (25 gold,
                  | have 0).
    66 | D:1      | 66 ||| SHOPLISTING scroll labelled LYNWEC YS PUGU (25 gold,
                  | have 0).
    66 | D:1      | 66 ||| SHOPLISTING wooden wand (100 gold, have 0).
   129 | D:1      | Reached skill level 3 in Ranged Weapons
   129 | D:1      | Reached XP level 2. HP: 23/23 MP: 2/2
   234 | D:1      | Found Olirphid's Antique Armour Boutique.
   245 | D:1      | Reached XP level 3. HP: 29/29 MP: 3/3
   247 | D:1      | 247 ||| SHOPLISTING embroidered cloak (180 gold, have 7).
   304 | D:1      | Found Lusemud's Weapon Emporium.
   364 | D:1      | Found Emae's Armour Boutique.
   499 | D:1      | Found Taasip's Assorted Antiques.
   507 | D:1      | 507 ||| SHOPLISTING pair of gloves (112 gold, have 14).
   507 | D:1      | 507 ||| SHOPLISTING scroll labelled VYSOGAUT HAPOR (25
                  | gold, have 14).
   507 | D:1      | 507 ||| SHOPLISTING troll leather armour (375 gold, have
                  | 14).
   680 | D:1      | 680 ||| UPGRADING to +0 ring mail.
   690 | D:1      | 690 ||| DROPPING +0 robe.
   691 | D:1      | 691 ||| UPGRADING to amulet of guardian spirit.
   696 | D:1      | 696 ||| READING scroll labelled ZIULEESEPU.
   697 | D:1      | 697 ||| READING scroll labelled EXASECAISU.
   698 | D:1      | 698 ||| READING scroll labelled DIESKOZE JAENK.
   702 | D:1      | 702 ||| READING scroll labelled WIKUOC EPPUX.
   703 | D:1      | 703 ||| DROPPING scroll of poison.
   798 | D:2      | Noticed Natasha
   800 | D:2      | 800 ||| Stepping ~*~*~tactically~*~*~ (outnumbered).
   802 | D:2      | 802 ||| Stepping ~*~*~tactically~*~*~ (outnumbered).
   809 | D:2      | Killed Natasha
   810 | D:2      | Reached skill level 4 in Ranged Weapons
   877 | D:2      | Reached XP level 4. HP: 36/36 MP: 4/4
   993 | D:2      | Reached skill level 1 in Armour
  1000 | D:2      | HP: 4/36 [gnoll/+0 halberd (7)]
  1000 | D:2      | Slain by a gnoll

Levels and vault maps discovered:
D:1:      lordsloth_arrival_two_stooges, layout_loops_cross, serial_shops,
          nicolae_shop_tiny_statue_garden, nicolae_shop_back_alley_shop, shop,
          shop, nicolae_shop_bloodbath_and_beyond, grunt_decor_mini_mirrors,
          st_stairs_10
D:2:      layout_rooms, chequers_arboretum, uniq_natasha,
          uniq_crazy_yiuf_cottage

Skill      XL: |  1  2  3  4 |
---------------+-------------+-----
Ranged Weapons | 3 4 |  4.6
Fighting       | 2 |  2.0
Armour         | 1 |  1.3
Dodging        | |  2.1
Spellcasting   | |  1.0
Hexes          | |  2.0

Action                     |  1- 3 |  4- 6 || total
---------------------------+-------+-------++-------
   Fire: Sling             |    94 |    20 ||   114
    Use: Scroll            |     4 |       ||     4
 Armour: Robe              |     2 |       ||     2
         Ring mail         |     2 |     3 ||     5
  Dodge: Dodged            |    24 |    10 ||    34

Table legend:
 A = Non-vault XP
 B = Vault XP
 C = Vault XP percentage of total XP
 D = Non-vault monster count
 E = Vault monster count
 F = Vault count percentage of total count
                 A         B        C        D         E       F
            +---------+---------+-------+---------+---------+-------
      Total |      88 |      40 |  31.2 |      31 |       4 |  11.4
            +---------+---------+-------+---------+---------+-------
        D:1 |      46 |       7 |  13.2 |      20 |       3 |  13.0
        D:2 |      42 |      33 |  44.0 |      11 |       1 |   8.3
            +---------+---------+-------+---------+---------+-------
